[Event "2021 m. Jauniu lyga. III etapas. B"]
[Site "Siauliai"]
[Date "2021.07.04"]
[Round "1.1"]
[White "Persinas, Vilius"]
[Black "Ser, Daniel"]
[Result "0-1"]
[WhiteElo "1668"]
[BlackElo "1710"]
[PlyCount "68"]
[EventDate "2021.??.??"]
[TimeControl "8+4"]
[WhiteClock "0:00:23"]
[BlackClock "0:00:38"]

1. c4 e5 2. Nc3 Nc6 3. g3 f5 4. Bg2 Nf6 5. d3 Bb4 6. Bd2 O-O 7. Nf3 d6 8.
O-O Rb8 9. a3 Bxc3 10. Bxc3 a6 11. Qc2 b5 12. cxb5 axb5 13. Rac1 Bb7 14. Nh4 Ne7 15. Bxb7 Rxb7 16. f4 Ng4 17. Qb3+ Kh8 18. h3 Ne3 19. Rf3 exf4 20. gxf4 N7d5 21. Ng2 Nxg2 22. Qxd5 Nxf4 23. Rxf4 Qg5+ 24. Rg4 Qxc1+ 25. Kh2 fxg4 26. Bxg7+ Kxg7 27. Qg5+ Kh8 28. Qxc1 gxh3 29. Kxh3 c5 30.
Qh6 Rg7 31. Qxd6 Rf5 32. Kh4 Rg6 33. Qb8+ Kg7 34. Qxb5 Kh6 0-1

[Event "2021 m. Jauniu lyga. III etapas. B"]
[Site "Siauliai"]
[Date "2021.07.04"]
[Round "1.2"]
[White "Ravlusevic, Evelina"]
[Black "Dijokas, Jokubas"]
[Result "0-1"]
[WhiteElo "1748"]
[BlackElo "1335"]
[PlyCount "173"]
[EventDate "2021.??.??"]
[TimeControl "8+4"]
[BlackClock "0:00:19"]

1. d4 d5 2. c4 e6 3. Nf3 c5 4. cxd5 exd5 5. g3 Nc6 6. Bg2 Nf6 7. O-O Be7 8. Nc3 O-O 9. Re1 h6 10. a3 a6 11. Qd3 c4 12. Qd1 Be6 13.
b3 cxb3 14. Qxb3 b5 15. Bf4 Na5 16. Qa2 Rc8 17. Rac1 Nc6 18. Red1 Qa5 19. Nb1 Rfd8 20. h3 Bf5 21. Bd2 Qa4 22. Nc3 Qxa3 23. Qxa3 Bxa3 24. Ra1 b4 25. Na4 a5 26. Nc5 Bg6 27. Nd3 Bxd3 28. exd3 Re8 29. Be3 Na7 30. Nd2 Nb5 31. Nb3 Nc3 32. Re1 Ra8 33. Bd2 Nb5 34. Rxe8+ Rxe8 35. Nxa5 Re2 36. Be3 Rc2 37. Rb1 Kf8 38. Nb7 Ke7 39. Nc5 Kd6 40.
Nb7+ Kc7 41. Nc5 Rc3 42. Bd2 Rc2 43. Bxb4 Bxb4 44. Rxb4 Kc6 45.
Nb3 Rc3 46. Nc5 Nxd4 47. Rxd4 Kxc5 48. Ra4 Rxd3 49. Ra5+ Kb6 50.
Ra2 Rd1+ 51. Kh2 d4 52. Bf3 Rd3 53. Kg2 Rc3 54. Rd2 Kc5 55. Bd1 g5 56. Bf3 Nd7 57. Be4 Ne5 58. Ra2 Kb4 59. Rb2+ Ka3 60. Rb5 f6 61. Rb6 d3 62.
Rxf6 Rc4 63. Bh7 d2 64. Rd6 d1=Q 65. Rxd1 Kb4 66. Rd6 Nf7 67. Rf6 Rc7 68. Bg8 Ne5 69. Rxh6 Rg7 70. Ba2 Kc5 71. Re6 Nd7 72. Re2 Kd4 73. Bb1 Kc3 74. Bf5 Nf6 75. Re6 Nd5 76. Rg6 Rf7 77. Be4 Rd7 78. Rxg5 Nf6 79. Bf5 Rd2 80. h4 Kd4 81.
Rg6 Ke5 82. Bh3 Ne4 83. Re6+ Kd5 84. h5 Rxf2+ 85. Kg1 Rd2 86. h6 Ng5 87. Bg2+ 0-1

[Event "2021 m. Jauniu lyga. III etapas. B"]
[Site "Siauliai"]
[Date "2021.07.04"]
[Round "1.3"]
[White "Simkunaite, Gabija"]
[Black "Spevak, Dovydas"]
[Result "1-0"]
[WhiteElo "1899"]
[BlackElo "1432"]
[PlyCount "91"]
[EventDate "2021.??.??"]
[TimeControl "8+4"]
[WhiteClock "0:03:19"]
[BlackClock "0:00:32"]

1. e4 e5 2. Nf3 Nc6 3. d4 exd4 4. Nxd4 Bc5 5. Be3 Bxd4 6. Bxd4 Nxd4 7. Qxd4 Qf6 8. c3 Qxd4 9. cxd4 b6 10. Nc3 Bb7 11. f3 O-O-O 12. d5 Ne7 13.
d6 cxd6 14. Nb5 Rhf8 15. Nxd6+ Kc7 16. Rd1 Nc6 17. Bc4 f6 18. Kf2 Ne5 19. Bb3 Nc6 20. Rd2 Kb8 21. Rhd1 Bc8 22. Ba4 Ne5 23. f4 Nf7 24. Nxc8 Kxc8 25. Bxd7+ Kb8 26. Be6 Rxd2+ 27. Rxd2 Rd8 28.
Rxd8+ Nxd8 29. Bd5 Kc7 30. e5 fxe5 31. fxe5 g5 32. Ke3 Kd7 33.
Ke4 Ne6 34. Bxe6+ Kxe6 35. g4 a6 36. h3 a5 37. a4 h6 38. b3 Kf7 39. Kf5 Ke7 40. e6 Ke8 41. Kf6 Kf8 42. e7+ Ke8 43. Ke6 b5 44. axb5 a4 45.
b6 axb3 46. b7 1-0

[Event "2021 m. Jauniu lyga. III etapas. B"]
[Site "Siauliai"]
[Date "2021.07.04"]
[Round "1.4"]
[White "Maciuitis, Ignas"]
[Black "Venckevicius, Justas"]
[Result "0-1"]
[WhiteElo "1855"]
[BlackElo "1692"]
[PlyCount "102"]
[EventDate "2021.??.??"]
[TimeControl "8+4"]
[WhiteClock "0:01:38"]
[BlackClock "0:00:28"]

1. e4 c6 2. Nc3 d5 3. Nf3 Nf6 4. e5 Nfd7 5. d4 e6 6. Bd3 c5 7. Be3 Nc6 8.
Bb5 cxd4 9. Bxd4 a6 10. Be2 Nxd4 11. Qxd4 Bc5 12. Qf4 Qb6 13. Ng5 O-O 14. Na4 Qb4+ 15. Qxb4 Bxb4+ 16. c3 Be7 17. Nf3 b5 18. c4 bxa4 19. cxd5 exd5 20. O-O Bb7 21. Rfd1 Rac8 22. Rd2 Rfe8 23. Bd3 g6 24. Bc2 Nb6 25. Re2 Bf8 26. Rae1 Bg7 27. h3 Re7 28. Ng5 h6 29. Nf3 Rc4 30. b3 axb3 31. Bxb3 Re4 32. Rxe4 dxe4 33. Nh4 Rxe5 34. Nxg6 Rg5 35. Nf4 Rf5 36. g3 Kf8 37. Bc2 Re5 38. Rb1 Rb5 39. Rd1 Ke7 40. Bb3 a5 41. Re1 a4 42. Bc2 f5 43. g4 Rb2 44. Bb1 Bd4 45.
Ne2 Bc5 46. gxf5 e3 47. fxe3 Bxe3+ 48. Kf1 Kf6 49. Bd3 Rxa2 50.
Rb1 a3 51. Rxb6+ Bxb6 0-1

[Event "2021 m. Jauniu lyga. III etapas. B"]
[Site "Siauliai"]
[Date "2021.07.04"]
[Round "2.1"]
[White "Ser, Daniel"]
[Black "Venckevicius, Justas"]
[Result "1-0"]
[WhiteElo "1710"]
[BlackElo "1692"]
[PlyCount "78"]
[EventDate "2021.??.??"]
[TimeControl "8+4"]
[WhiteClock "0:00:20"]

1. d4 d5 2. Bf4 Nf6 3. e3 Bf5 4. c4 e6 5. Nc3 c6 6. Qb3 Qb6 7. c5 Qxb3 8.
axb3 Nbd7 9. b4 a6 10. b5 cxb5 11. Nxb5 Kd8 12. Nd6 Bxd6 13. Bxd6 Ne4 14. Bg3 Nxg3 15. hxg3 f6 16. f4 e5 17. Nf3 exd4 18. exd4 Re8+ 19. Kd2 Kc7 20. Bd3 Bxd3 21. Kxd3 h6 22. Rhe1 Nf8 23. Nh4 g6 24. b4 Kc6 25.
g4 Kb5 26. f5 g5 27. Nf3 Kc6 28. Rh1 Re4 29. Rxh6 Nd7 30. Ne5+ Kc7 31. Nxd7 Kxd7 32. Rxf6 Rae8 33. Rd6+ Kc7 34. Rxd5 Rxg4 35.
Ra2 Re1 36. Rf2 Rb1 37. f6 Rg3+ 38. Kc2 Rxb4 39. f7 Rc4+ 1-0

[Event "2021 m. Jauniu lyga. III etapas. B"]
[Site "Siauliai"]
[Date "2021.07.04"]
[Round "2.2"]
[White "Spevak, Dovydas"]
[Black "Maciuitis, Ignas"]
[Result "0-1"]
[WhiteElo "1432"]
[BlackElo "1855"]
[PlyCount "60"]
[EventDate "2021.??.??"]
[TimeControl "8+4"]
[WhiteClock "0:00:12"]
[BlackClock "0:06:02"]

1. d4 f5 2. e4 fxe4 3. Nc3 Nf6 4. Bg5 e6 5. Nxe4 Be7 6. Bxf6 Bxf6 7. Nxf6+ Qxf6 8. c3 O-O 9. Nf3 b6 10. d5 Bb7 11. dxe6 Qxe6+ 12. Qe2 Bxf3 13. Qxe6+ dxe6 14. gxf3 Nd7 15. Bc4 Rae8 16. Ke2 Ne5 17. Bb3 Nxf3 18. Rad1 Ne5 19. Rhf1 g6 20. f4 Ng4 21. h3 Nh6 22. Kf3 Kg7 23.
Rd7+ Rf7 24. Rfd1 Ree7 25. Rxe7 Rxe7 26. Rd8 a5 27. Ke4 Kf6 28.
Rf8+ Nf7 29. Rc8 Nd6+ 30. Kd4 Nxc8 0-1

[Event "2021 m. Jauniu lyga. III etapas. B"]
[Site "Siauliai"]
[Date "2021.07.04"]
[Round "2.3"]
[White "Dijokas, Jokubas"]
[Black "Simkunaite, Gabija"]
[Result "0-1"]
[WhiteElo "1335"]
[BlackElo "1899"]
[PlyCount "132"]
[EventDate "2021.??.??"]
[TimeControl "8+4"]
[WhiteClock "0:00:07"]
[BlackClock "0:00:38"]

1. e4 c5 2. c3 Nf6 3. e5 Nd5 4. d4 e6 5. Nf3 d6 6. Bc4 Be7 7. O-O O-O 8. Na3 cxd4 9. cxd4 dxe5 10. dxe5 Bxa3 11. bxa3 Nc6 12. Bb2 Nb6 13. Bb3 Qe7 14. Qc2 Bd7 15. Rac1 Rac8 16. Qb1 Rfd8 17. Rfd1 Na5 18. Qe4 Bc6 19. Qg4 Bxf3 20. Qxf3 Rxd1+ 21. Qxd1 Nac4 22. Bxc4 Nxc4 23. Qb3 Nb6 24. Rxc8+ Nxc8 25. Bd4 Qd7 26. Qc3 h6 27. g3 a6 28. Be3 Ne7 29. Qb3 Nf5 30. h3 b5 31. Qc3 Qd1+ 32. Kg2 Qd5+ 33. Kf1 Qxa2 34. Qc8+ Kh7 35. Qxa6 Nxe3+ 36. fxe3 Qa1+ 37. Kf2 Qxe5 38. Qa7 Qf5+ 39. Kg2 Kg6 40. Qa5 Qd5+ 41. Kf2 h5 42. Qc3 Qf5+ 43. Kg2 Qd5+ 44. Kf2 f6 45. Qb2 e5 46. Qc2+ Kh6 47. Qc1 e4 48. Qb2 Qf5+ 49. Kg1 Qxh3 50. Qf2 Qg4 51. Kh2 Qf3 52. Qd2 g5 53. Qd4 Qf2+ 54. Kh1 Qf1+ 55. Kh2 Qf3 56. Qc5 Qf2+ 57. Kh1 Qxg3 58. Qf8+ Kg6 59. Qg8+ Kf5 60. Qd5+ Qe5 61. Qd7+ Qe6 62. Qxb5+ Kg6 63. Qc5 h4 64. Kh2 Qa2+ 65. Kg1 h3 66. Qd4 Qg2# 0-1

[Event "2021 m. Jauniu lyga. III etapas. B"]
[Site "Siauliai"]
[Date "2021.07.04"]
[Round "2.4"]
[White "Persinas, Vilius"]
[Black "Ravlusevic, Evelina"]
[Result "1/2-1/2"]
[WhiteElo "1668"]
[BlackElo "1748"]
[PlyCount "92"]
[EventDate "2021.??.??"]
[TimeControl "8+4"]
[WhiteClock "0:00:19"]
[BlackClock "0:00:21"]

1. c4 c6 2. g3 d5 3. Bg2 g6 4. e3 Bg7 5. Ne2 Nf6 6. O-O O-O 7. Nbc3 e5 8. d3 Be6 9. cxd5 cxd5 10. b4 a6 11. a4 Nc6 12. Ba3 Re8 13. Qd2 Rc8 14. Rfc1 a5 15. Rab1 d4 16. Nb5 dxe3 17. Qxe3 Nd5 18. Bxd5 Bxd5 19. bxa5 Bf8 20. Bxf8 Rxf8 21. Nbc3 Be6 22. Rxb7 Qxa5 23. Rb5 Qa8 24. a5 Bh3 25.
Ne4 Na7 26. Rxc8 Rxc8 27. Rxe5 Qb8 28. Re8+ Rxe8 29. Nf6+ Kf8 30. Nxe8 Qxe8 31. Nf4 Qxe3 32. fxe3 Bc8 33. Nd5 Nc6 34. Nf6 h5 35.
Kg2 Nxa5 36. h3 Nc6 37. g4 hxg4 38. hxg4 Ne5 39. Kg3 Nxd3 40. g5 Ne5 41. Kf4 Nd7 42. Ne4 Kg7 43. Nd6 Nc5 44. Nxc8 Ne6+ 45. Kg4 Kf8 46. Nd6 Ke7 1/2-1/2

[Event "2021 m. Jauniu lyga. III etapas. B"]
[Site "Siauliai"]
[Date "2021.07.04"]
[Round "3.1"]
[White "Ravlusevic, Evelina"]
[Black "Ser, Daniel"]
[Result "1/2-1/2"]
[WhiteElo "1748"]
[BlackElo "1710"]
[PlyCount "60"]
[EventDate "2021.??.??"]
[TimeControl "8+4"]
[WhiteClock "0:04:05"]
[BlackClock "0:00:08"]

1. d4 f5 2. g3 Nf6 3. Bg2 g6 4. c3 Bg7 5. Qb3 d5 6. Nf3 c6 7. O-O O-O 8. Nbd2 Nbd7 9. a4 Re8 10. c4 e5 11. dxe5 Nxe5 12. Nxe5 Rxe5 13. Re1 Re8 14. Nf3 dxc4 15. Qxc4+ Be6 16. Qb4 Qe7 17. Bd2 Ne4 18. Qxe7 Rxe7 19. Bb4 Rd7 20. Ba3 Rad8 21. h4 h6 22. Rac1 Bb3 23. Bh3 h5 24. a5 Bf6 25. Bg2 Kf7 26. Nh2 a6 27.
Bxe4 fxe4 28. Nf1 Bd4 29. Kg2 Ba7 30. Rc3 Be6 1/2-1/2

[Event "2021 m. Jauniu lyga. III etapas. B"]
[Site "Siauliai"]
[Date "2021.07.04"]
[Round "3.2"]
[White "Simkunaite, Gabija"]
[Black "Persinas, Vilius"]
[Result "1-0"]
[WhiteElo "1899"]
[BlackElo "1668"]
[PlyCount "51"]
[EventDate "2021.??.??"]
[TimeControl "8+4"]
[WhiteClock "0:05:19"]
[BlackClock "0:04:16"]

1. e4 c6 2. d4 d5 3. exd5 cxd5 4. c4 Nf6 5. Nc3 e6 6. Nf3 Bb4 7. Qa4+ Nc6 8.
cxd5 Nxd5 9. Bd2 O-O 10. Bd3 Nb6 11. Qc2 h6 12. O-O Nxd4 13. Nxd4 Qxd4 14. Be3 Qf6 15. Ne4 Qe7 16. a3 Bd6 17. Nxd6 Qxd6 18. Bc5 Qc6 19. Bh7+ Kh8 20. Bxf8 Nd7 21. Bb4 g6 22. Bxg6 fxg6 23. Qxg6 e5 24. Qe8+ Kh7 25. Rac1 Nf6 26. Qf7+ 1-0

[Event "2021 m. Jauniu lyga. III etapas. B"]
[Site "Siauliai"]
[Date "2021.07.04"]
[Round "3.3"]
[White "Maciuitis, Ignas"]
[Black "Dijokas, Jokubas"]
[Result "1-0"]
[WhiteElo "1855"]
[BlackElo "1335"]
[PlyCount "89"]
[EventDate "2021.??.??"]
[TimeControl "8+4"]
[WhiteClock "0:01:35"]
[BlackClock "0:00:07"]

1. e4 c6 2. Nc3 d5 3. Nf3 Bg4 4. h3 Bxf3 5. Qxf3 e6 6. d4 Nf6 7. Bd3 dxe4 8. Nxe4 Qxd4 9. Be3 Qd8 10. O-O-O Nbd7 11. Rhe1 Qa5 12. Kb1 h6 13. g4 O-O-O 14. Nxf6 Nxf6 15. Bc4 Be7 16. h4 Rhf8 17. Bf4 Qb4 18. Bb3 Nd5 19. Bg3 Bd6 20. Re4 Qc5 21. Rc4 Qb6 22. Bxd6 Rxd6 23. Re1 Kb8 24. a3 Qc7 25. g5 hxg5 26. hxg5 Qe7 27. Qg3 Ka8 28. Ra4 Nb6 29. Rb4 Rfd8 30. c4 c5 31. Rb5 Rc6 32. g6 f6 33. f4 Qd7 34. Ka2 Qd3 35. Qf2 Qd4 36. Qe2 Qd3 37. Qg4 f5 38. Qg5 Nxc4 39. Rd1 Qxd1 40. Bxd1 Rxd1 41. Qe7 Nb6 42. Qxg7 Rd7 43. Qg8+ Rc8 44. Qxe6 Re8 45. Qxe8+ 1-0

[Event "2021 m. Jauniu lyga. III etapas. B"]
[Site "Siauliai"]
[Date "2021.07.04"]
[Round "3.4"]
[White "Venckevicius, Justas"]
[Black "Spevak, Dovydas"]
[Result "0-1"]
[WhiteElo "1692"]
[BlackElo "1432"]
[PlyCount "68"]
[EventDate "2021.??.??"]
[TimeControl "8+4"]
[WhiteClock "0:00:15"]
[BlackClock "0:00:21"]

1. e4 e5 2. Nc3 Nc6 3. f4 exf4 4. Nf3 Be7 5. d4 Bh4+ 6. Ke2 Bg5 7. g3 d6 8. gxf4 Bh6 9. Kf2 Bg4 10. Bg2 Bxf3 11. Kxf3 Qf6 12. Ne2 O-O-O 13. c3 Nge7 14. Bh3+ Kb8 15. Rf1 Rhe8 16. Qe1 Ng6 17. f5 Nh4+ 18. Kf2 Rxe4 19. Kg1 Rde8 20. Bxh6 gxh6 21. Rf4 Rxe2 22. Qxh4 Rg8+ 23. Kf1 Qxh4 24. Rxh4 Rxh2 25. Rxh6 Rh1+ 26. Kf2 Rxa1 27. Rxh7 Rxa2 28. Rxf7 Rxb2+ 29. Kf3 Rb3 30. Ke4 Rxc3 31. f6 Rxh3 32. d5 Nd8 33. Rd7 b6 34. f7 Rf8 0-1

[Event "2021 m. Jauniu lyga. III etapas. B"]
[Site "Siauliai"]
[Date "2021.07.04"]
[Round "4.1"]
[White "Ser, Daniel"]
[Black "Spevak, Dovydas"]
[Result "1-0"]
[WhiteElo "1710"]
[BlackElo "1432"]
[PlyCount "123"]
[EventDate "2021.??.??"]
[TimeControl "8+4"]
[WhiteClock "0:00:22"]
[BlackClock "0:00:10"]

1. d4 d5 2. Bf4 e6 3. e3 Bd6 4. Bg3 f5 5. c4 c6 6. Nc3 Nf6 7. Bxd6 Qxd6 8. Nf3 Nbd7 9. Bd3 Ne4 10. c5 Qe7 11. Qc2 b6 12. cxb6 axb6 13. Ne5 Nxe5 14. dxe5 Bd7 15. f4 Qh4+ 16. g3 Qe7 17. Nxe4 fxe4 18. Be2 O-O 19. O-O c5 20.
b3 b5 21. a4 bxa4 22. bxa4 c4 23. Rfb1 Qc5 24. Qc3 Rxa4 25. Rxa4 Bxa4 26. Bg4 Qc6 27. Qa5 Ra8 28. Bxe6+ Kh8 29. Bxd5 Rxa5 30. Bxc6
h6 31. Ra1 c3 32. Bxa4 c2 33. Rc1 Rxa4 34. Rxc2 Ra3 35. Kf2 Kh7 36. f5 Ra5 37. g4 Rxe5 38. Kg3 h5 39. Kf4 Re7 40. gxh5 Kh6 41. Rc8 Kh7 42. Rc4 Kh6 43. Rxe4 Rf7 44. Re8 Kh7 45. e4 Ra7 46. h4 Ra3 47. e5 Rh3 48. Kg4 Re3 49.
e6 Re4+ 50. Kg5 Re3 51. f6 Re5+ 52. Kf4 gxf6 53. e7 Kg7 54. h6+ Kh7 55. h5 Re1 56. Kf5 Rf1+ 57. Ke6 Re1+ 58. Kf7 Re2 59. Ra8 Kxh6 60. e8=Q Rxe8 61. Rxe8 Kxh5 62. Kxf6 1-0

[Event "2021 m. Jauniu lyga. III etapas. B"]
[Site "Siauliai"]
[Date "2021.07.04"]
[Round "4.2"]
[White "Dijokas, Jokubas"]
[Black "Venckevicius, Justas"]
[Result "0-1"]
[WhiteElo "1335"]
[BlackElo "1692"]
[PlyCount "82"]
[EventDate "2021.??.??"]
[TimeControl "8+4"]
[WhiteClock "0:00:30"]
[BlackClock "0:01:35"]

1. e4 c6 2. d4 d5 3. exd5 cxd5 4. c4 Nc6 5. Nc3 Nf6 6. Nf3 Bg4 7. cxd5 Nxd5 8. Qb3 Nb6 9. d5 Bxf3 10. gxf3 Ne5 11. Bb5+ Nbd7 12. Ne4 Rc8 13. f4 Ng4 14. h3 Ngf6 15. Nxf6+ exf6 16. Qe3+ Qe7 17. Bxd7+ Kxd7 18. Bd2 Qc5 19. Rc1 Qxd5 20. Rg1 Rxc1+ 21. Bxc1 Bb4+ 22. Kf1 Re8 23. Qxe8+ Kxe8 24. Rg3 Qd1+ 25. Kg2 Qxc1 26.
Rb3 Qxf4 27. a3 Qe4+ 28. Rf3 Bc5 29. Kg3 Kd7 30. b4 Bd6+ 31. Kg2 f5 32. h4 h6 33. a4 Bxb4 34. Kg3 Bd6+ 35. Kg2 g5 36. hxg5 hxg5 37. a5 g4 38.
a6 Qxf3+ 39. Kf1 Bc5 40. Ke1 Qxf2+ 41. Kd1 Be3 0-1

[Event "2021 m. Jauniu lyga. III etapas. B"]
[Site "Siauliai"]
[Date "2021.07.04"]
[Round "4.3"]
[White "Persinas, Vilius"]
[Black "Maciuitis, Ignas"]
[Result "0-1"]
[WhiteElo "1668"]
[BlackElo "1855"]
[PlyCount "49"]
[EventDate "2021.??.??"]
[TimeControl "8+4"]
[BlackClock "0:04:41"]

1. c4 f5 2. g3 Nf6 3. Bg2 e6 4. Nf3 d5 5. d3 Be7 6. O-O O-O 7. Nc3 c6 8. Rb1 Bd7 9. b4 Be8 10. b5 Nbd7 11. Bf4 Nh5 12. Be5 Nxe5 13. Nxe5 f4 14. Bh3 Bd7 15. cxd5 cxd5 16. e4 g6 17. exd5 fxg3 18. hxg3 Bc8 19. dxe6 Qd4 20. Qe2 Qxc3 21. Qe4 Nf6 22. Qe2 Bd6 23. Nc4 Qd4 24. Rfe1 Bxg3 25. Kg2 0-1

[Event "2021 m. Jauniu lyga. III etapas. B"]
[Site "Siauliai"]
[Date "2021.07.04"]
[Round "4.4"]
[White "Ravlusevic, Evelina"]
[Black "Simkunaite, Gabija"]
[Result "0-1"]
[WhiteElo "1748"]
[BlackElo "1899"]
[PlyCount "46"]
[EventDate "2021.??.??"]
[TimeControl "8+4"]
[WhiteClock "0:04:48"]
[BlackClock "0:04:45"]

1. d4 Nf6 2. c4 e5 3. dxe5 Ng4 4. Nf3 Bc5 5. e3 Nc6 6. Be2 O-O 7. O-O Re8 8.
Nc3 Ngxe5 9. a3 a5 10. Nd5 Ra6 11. Rb1 Nxf3+ 12. Bxf3 Ne5 13. b4 axb4 14. axb4 Bf8 15. Be2 Rg6 16. Nf4 Rh6 17. c5 d6 18. Bb2 Qh4 19. h3 Ng6 20. Nxg6 Rxg6 21. Bd3 Rxg2+ 22. Kxg2 Bxh3+ 23. Kg1 Qg5+ 0-1

[Event "2021 m. Jauniu lyga. III etapas. B"]
[Site "Siauliai"]
[Date "2021.07.04"]
[Round "5.1"]
[White "Simkunaite, Gabija"]
[Black "Ser, Daniel"]
[Result "0-1"]
[WhiteElo "1899"]
[BlackElo "1710"]
[PlyCount "80"]
[EventDate "2021.??.??"]
[TimeControl "8+4"]
[WhiteClock "0:00:43"]
[BlackClock "0:00:19"]

1. e4 e6 2. d4 d5 3. Nc3 Bb4 4. e5 Ne7 5. a3 Bxc3+ 6. bxc3 c5 7. Qg4 Qc7 8.
Bd2 Nf5 9. Bd3 h5 10. Qf4 g6 11. Ne2 Nc6 12. Bxf5 exf5 13. e6 Qxf4 14. exf7+ Kxf7 15. Nxf4 Re8+ 16. Kf1 Be6 17. Rb1 b6 18. dxc5 bxc5 19. f3 Rab8 20. Kf2 d4 21. Rhe1 Ba2 22. Rxb8 Rxb8 23. Nd3 c4 24. Nb4 Nxb4 25. axb4 a5 26. Ra1 axb4 27. Rxa2 bxc3 28. Bc1 Rb1 29. Ba3 d3 30. cxd3 cxd3 31. Bb4 Rxb4 32. Ke3 d2 33. Ra1 Rb7 34. Kd3 Rd7+ 35. Kc2 Rc7 36. h3 Kf6 37.
f4 Ke6 38. Ra6+ Kd5 39. Rxg6 Ke4 40. g4 Rd7 0-1

[Event "2021 m. Jauniu lyga. III etapas. B"]
[Site "Siauliai"]
[Date "2021.07.04"]
[Round "5.2"]
[White "Maciuitis, Ignas"]
[Black "Ravlusevic, Evelina"]
[Result "0-1"]
[WhiteElo "1855"]
[BlackElo "1748"]
[PlyCount "70"]
[EventDate "2021.??.??"]
[TimeControl "8+4"]
[WhiteClock "0:02:03"]
[BlackClock "0:03:26"]

1. e4 c5 2. d4 cxd4 3. c3 Nf6 4. e5 Nd5 5. cxd4 d6 6. exd6 Qxd6 7. Nc3 Nxc3 8. bxc3 e5 9. Bb5+ Bd7 10. Bxd7+ Nxd7 11. Qe2 Be7 12. Nf3 exd4 13. cxd4 O-O 14. O-O Bf6 15. Qd3 Rfd8 16. Ba3 Qd5 17. Rfd1 Rac8 18. h3 g6 19. Qe3 Bg7 20. Rab1 b5 21. Qd2 Nb6 22. Bc5 Nc4 23. Qb4 a6 24. a4 Rb8 25. axb5 Rxb5 26. Qa4 Ra5 27. Qb4 Rb5 28. Qa4 Ra5 29. Qb4 Rb5 30. Qc3 Rxc5 31. Rb4 a5 32. Ra4 Nb6 33.
dxc5 Qxd1+ 34. Qe1 Qxe1+ 35. Nxe1 Nxa4 0-1

[Event "2021 m. Jauniu lyga. III etapas. B"]
[Site "Siauliai"]
[Date "2021.07.04"]
[Round "5.3"]
[White "Venckevicius, Justas"]
[Black "Persinas, Vilius"]
[Result "1/2-1/2"]
[WhiteElo "1692"]
[BlackElo "1668"]
[PlyCount "73"]
[EventDate "2021.??.??"]
[TimeControl "8+4"]
[WhiteClock "0:00:15"]
[BlackClock "0:03:37"]

1. e4 c5 2. Nc3 g6 3. f4 Bg7 4. Nf3 a6 5. Bc4 e6 6. d3 Ne7 7. O-O O-O 8. Qe1 f5 9. e5 b5 10. Bb3 d5 11. exd6 Qxd6 12. Ng5 Nd5 13. Qh4 h6 14. Nf3 Nc6 15.
Bd2 Nd4 16. Nxd4 Bxd4+ 17. Kh1 Kg7 18. Rae1 Bf6 19. Qg3 Bd7 20. Re2 b4 21. Nxd5 exd5 22. Rfe1 Rae8 23. Qf3 d4 24. Qb7 Rb8 25.
Qd5 Qxd5 26. Bxd5 Rbe8 27. Rxe8 Rxe8 28. Rxe8 Bxe8 29. g3 Bf7 30. Bxf7 Kxf7 31. Kg2 Ke6 32. Kf3 h5 33. h3 Kd5 34. g4 hxg4+ 35. hxg4 a5 36. b3 Ke6 37. g5 1/2-1/2

[Event "2021 m. Jauniu lyga. III etapas. B"]
[Site "Siauliai"]
[Date "2021.07.04"]
[Round "5.4"]
[White "Spevak, Dovydas"]
[Black "Dijokas, Jokubas"]
[Result "1-0"]
[WhiteElo "1432"]
[BlackElo "1335"]
[PlyCount "85"]
[EventDate "2021.??.??"]
[TimeControl "8+4"]
[WhiteClock "0:00:16"]
[BlackClock "0:00:10"]

1. d4 d5 2. e3 Nf6 3. Bd3 c5 4. c3 Nc6 5. Nd2 Qb6 6. f4 Bg4 7. Ngf3 e6 8.
O-O Be7 9. h3 Bf5 10. Bxf5 exf5 11. Ne5 Rd8 12. Kh2 O-O 13. g4 fxg4 14. hxg4 Qc7 15. g5 Ne8 16. Qh5 cxd4 17. exd4 Qd6 18. Ndf3 g6 19. Qh6 Ng7 20. Qh4 Nf5 21. Qg4 Qe6 22. Nxc6 bxc6 23. Bd2 Ng7 24. Qxe6 fxe6 25. Rae1 Rd6 26. Ne5 Nh5 27. c4 dxc4 28. Bb4 Rxd4 29. Bxe7 Rd2+ 30. Kg1 Rxf4 31. Rxf4 Nxf4 32. Nf3 Nh3+ 33. Kh1 Rf2 34. Nh2 Nxg5 35. Bxg5 Rxb2 36. Rxe6 Rb1+ 37. Kg2 Rb2+ 38.
Kg3 c5 39. Rc6 Rb5 40. Ng4 c3 41. Nh6+ Kg7 42. Rc7+ Kf8 43. Rc8+ 1-0

[Event "2021 m. Jauniu lyga. III etapas. B"]
[Site "Siauliai"]
[Date "2021.07.04"]
[Round "6.1"]
[White "Ser, Daniel"]
[Black "Dijokas, Jokubas"]
[Result "1-0"]
[WhiteElo "1710"]
[BlackElo "1335"]
[PlyCount "123"]
[EventDate "2021.??.??"]
[TimeControl "8+4"]
[WhiteClock "0:02:36"]
[BlackClock "0:00:42"]

1. d4 d5 2. Bf4 Nf6 3. e3 c5 4. c3 Nc6 5. Nd2 Bf5 6. Qb3 Qc8 7. Ngf3 e6 8.
Nh4 Be4 9. Nxe4 dxe4 10. g3 Be7 11. Ng2 O-O 12. Be2 Nd5 13. h4 Qd7 14. Rd1 cxd4 15. exd4 a5 16. a4 f5 17. Ne3 Nxf4 18. gxf4 Kh8 19. Bc4 Nd8 20. h5 Qd6 21. Ng2 Rf6 22. Ke2 Qc7 23. Qb5 Nc6 24. Rdg1 Bd6 25.
Rh4 Ne7 26. Bb3 Rc8 27. Rgh1 h6 28. Ke3 Kh7 29. Rg1 Nc6 30. Bxe6 Na7 31. Bxf5+ Kh8 32. Qd5 Re8 33. Rg4 Nc6 34. Qb5 Ref8 35. Nh4 R6f7 36. Ng6+ Kg8 37. Be6 Qd8 38. Nxf8 Qxf8 39. Rxg7+ Qxg7 40.
Rxg7+ Kxg7 41. Bxf7 Kxf7 42. Qf5+ Ke7 43. Qh7+ Ke8 44. Qxb7 Nd8 45. Qb5+ Kf8 46. Qxa5 Be7 47. Qf5+ Ke8 48. Qg6+ Nf7 49. Kxe4 Kf8 50. Ke3 Bd8 51. b4 Bc7 52. a5 Ke7 53. a6 Bb8 54. b5 Ba7 55.
c4 Nd6 56. Qxd6+ Kxd6 57. c5+ Kc7 58. b6+ Bxb6 59. cxb6+ Kxb6 60. f5 Kxa6 61. f6 Kb7 62. f7 1-0

[Event "2021 m. Jauniu lyga. III etapas. B"]
[Site "Siauliai"]
[Date "2021.07.04"]
[Round "6.2"]
[White "Persinas, Vilius"]
[Black "Spevak, Dovydas"]
[Result "1-0"]
[WhiteElo "1668"]
[BlackElo "1432"]
[PlyCount "79"]
[EventDate "2021.??.??"]
[TimeControl "8+4"]
[WhiteClock "0:05:17"]
[BlackClock "0:00:11"]

1. c4 c6 2. g3 d5 3. Bg2 e6 4. b3 f5 5. Bb2 Nf6 6. e3 Bd6 7. Ne2 Nbd7 8. O-O O-O 9. Nbc3 b6 10. d3 Bb7 11. Rc1 Rc8 12. cxd5 exd5 13. Nd4 Qe8 14. Nxf5 Bb8 15. Ba3 Rf7 16. Bd6 Qe6 17. Bxb8 Qxf5 18. e4 dxe4 19. dxe4 Qe6 20. Bf4 Rff8 21. Qd6 Qxd6 22. Bxd6 Rfe8 23. f4 c5 24. e5 Bxg2 25.
Kxg2 Ng4 26. Rfe1 Rc6 27. Rcd1 Ndf6 28. h3 Nh6 29. Nb5 Nf7 30. Nxa7 Nxd6 31. Nxc6 Nde4 32. exf6 gxf6 33. Rd8 Rxd8 34. Nxd8 Nc3 35. a4 Nd5 36. Nc6 Kf7 37. Kf3 Nc3 38. Re7+ Kg6 39. Rb7 Nd5 40. Ne7+ 1-0

[Event "2021 m. Jauniu lyga. III etapas. B"]
[Site "Siauliai"]
[Date "2021.07.04"]
[Round "6.3"]
[White "Ravlusevic, Evelina"]
[Black "Venckevicius, Justas"]
[Result "1/2-1/2"]
[WhiteElo "1748"]
[BlackElo "1692"]
[PlyCount "122"]
[EventDate "2021.??.??"]
[TimeControl "8+4"]
[WhiteClock "0:00:10"]
[BlackClock "0:00:29"]

1. d4 d5 2. c4 e6 3. Nf3 Nf6 4. g3 c6 5. Bg2 dxc4 6. a4 Bb4+ 7. Bd2 Qa5 8.
O-O O-O 9. Ne5 Bxd2 10. Nxc4 Qc7 11. Nbxd2 c5 12. dxc5 Qxc5 13.
Rc1 Qe7 14. Ne5 Nd5 15. Qb3 Qd6 16. Ndc4 Qa6 17. Qa3 Bd7 18.
Nxd7 Nxd7 19. b4 b5 20. axb5 Qxb5 21. Qa5 Rfb8 22. Ne3 N7f6 23.
Nxd5 Nxd5 24. e4 Nxb4 25. Qc7 Na6 26. Qc3 Rd8 27. Rb1 Qc5 28.
Qa1 Nb4 29. Rfc1 Qe7 30. Qa4 a5 31. e5 Ra7 32. Rc4 Qd7 33. Qa1 Nd5 34. Rc5 Rc8 35. Rxa5 Rxa5 36. Qxa5 Qc7 37. Qe1 Qc3 38. Bxd5 Qxe1+ 39. Rxe1 exd5 40. Rd1 Rd8 41. f4 Kf8 42. Kf2 Ke7 43. Ke3 Ke6 44. Rc1 Ra8 45. Rc6+ Ke7 46.
Kd4 Ra2 47. Kxd5 Rxh2 48. Rc7+ Ke8 49. Ke4 Re2+ 50. Kf5 Re1 51. Ra7 Re2 52. Kg4 Re1 53. Kf3 Rb1 54. g4 Rb3+ 55. Ke4 Rb4+ 56. Kf5 g6+ 57. Kg5 h6+ 58. Kxh6 Rxf4 59. g5 Rf5 60. Kg7 Rxg5 61. Rxf7 Rxe5 1/2-1/2